 Dungeon Crawl Stone Soup version 0.22-a0-422-g9628fc87f1 (webtiles) character file.

1642 Banto the Covert (level 8, -5/46 HPs)
             Began as an Octopode Earth Elementalist on May 16, 2018.
             Was an Initiate of Vehumet.
             Slain by a hornet (17 damage)
             ... on level 7 of the Dungeon.
             The game lasted 00:11:45 (7038 turns).

Banto the Covert (Octopode Earth Elementalist)      Turns: 7038, Time: 00:11:46

Health: -5/46      AC:  1    Str:  8    XL:     8   Next: 99%
Magic:  7/11       EV: 14    Int: 21    God:    Vehumet [......]
Gold:   345        SH:  0    Dex: 17    Spells: 1/11 levels left

rFire    . . .     SeeInvis .   x - +1 dagger (venom)
rCold    . . .     Gourm    .   (no shield)
rNeg     . . .     Faith    +   (helmet restricted)
rPois    .         Spirit   .   B - amulet of faith
rElec    .         Reflect  .   t - +5 ring of dexterity
rCorr    .         Harm     .   j - +2 ring of intelligence
MR       .....                  (no ring)
Stlth    ++++++....             (no ring)
HPRegen  0.15/turn              (no ring)
MPRegen  0.12/turn              (no ring)
                                (no ring)
                                (no ring)

@: slowed, very slow
A: almost no armour, stealthy swim, amphibious, 8 rings, constrict 8, camouflage
1, gelatinous body 1
a: Renounce Religion


You were on level 7 of the Dungeon.
You worshipped Vehumet.
Vehumet was noncommittal.
You were hungry.

You visited 2 branches of the dungeon, and saw 8 of its levels.

You collected 345 gold pieces.

Inventory:

Hand Weapons
 n - a +1 dagger of protection
 x - a +1 dagger of venom (weapon)
Missiles
 b - 174 stones (quivered)
Armour
 p - a +1 buckler
Jewellery
 j - a +2 ring of intelligence (right tentacle)
 t - a +5 ring of dexterity (left tentacle)
 B - an amulet of faith (around mantle)
Wands
 w - a wand of polymorph (12)
 z - a wand of paralysis (11)
Scrolls
 e - 2 scrolls of enchant armour
 f - a scroll of magic mapping
 h - 2 scrolls of fear
 i - 5 scrolls of remove curse
 m - a scroll of enchant weapon
 o - 5 scrolls of teleportation
 r - a scroll of fog
Potions
 a - a potion of might
 d - a potion of heal wounds {unknown}
 g - 2 potions of curing
 k - a potion of magic {unknown}
 l - a potion of degeneration {unknown}
 q - 2 potions of brilliance
 s - 3 potions of lignification {unknown}
 u - 2 potions of haste {unknown}
 v - a potion of flight {unknown}
Comestibles
 c - 8 rations


   Skills:
 + Level 3.8 Short Blades
 - Level 2.1 Dodging
 - Level 10.0 Stealth
 - Level 2.2 Spellcasting
 + Level 4.0 Transmutations
 - Level 7.0 Earth Magic


You had one spell level left.
You knew the following spells:

 Your Spells              Type           Power        Failure   Level  Hunger
a - Sandblast             Erth           ####..       1%          1    #......
b - Passwall              Tmut/Erth      ####......   2%          2    ##.....
c - Stone Arrow           Conj/Erth      ###...       10%         3    ###....
d - Petrify               Tmut/Erth      ####....     14%         4    #####..

Your spell library contained the following spells:

 Spells                   Type           Power        Failure   Level  Hunger
 Lee's Rapid Deconstruct  Erth           ####......   22%         5    ######.


Dungeon Overview and Level Annotations

Branches:
Dungeon (7/15)             Temple (1/1) D:7

Altars:
Ashenzari
Cheibriados
Dithmenos
Elyvilon
Gozag
Hepliaklqana
Kikubaaqudgha
Makhleb
Nemelex Xobeh
Okawaru
Qazlal
Ru
Sif Muna
Trog
Uskayaw
Vehumet
Wu Jian
Xom
Yredelemnul
Zin
The Shining One


Innate Abilities, Weirdness & Mutations

You cannot wear most types of armour.
You are very stealthy in the water. (Stealth+)
You are amphibious.
You can wear up to eight rings at the same time.
You can use your tentacles to constrict eight enemies at once.
Your skin changes colour to match your surroundings (Stealth+).
Your rubbery body absorbs attacks. (AC +1, EV +1)


Message History

Aim: a hornet (chance to defeat MR: 46%)
The hornet is moving more slowly.
You are feeling hungry.
The hornet stings you!
You feel as though you will be slow longer.
The hornet closely misses you. The hornet stings you!
* * * LOW HITPOINT WARNING * * *
You are poisoned.
You feel as though you will be slow longer.
You take 22 damage, and have 10/46 hp.
MASSIVE DAMAGE!!
You now have 7/11 mp.
Casting: Petrify (safe; 14% risk of failure)
Confirm with . or Enter, or press ? or * to list all spells.
Okay, then.
You feel better. The hornet closely misses you. The hornet stings you!
* * * LOW HITPOINT WARNING * * *
You are lethally poisoned!
You shrug off the repeated paralysis!
You take 5 damage, and have 5/46 hp.
You feel better. The hornet stings you!
You die...

###.# ..### .
#.y..## ##.... .
#..###..# .#
###....## #.##
#...#...##...##
#...##.........
#..รท.#......##
##...#......#
##...@..%..#
##.y.........
#####....##....
##.......## ....
#..$..?.###.....
######..........
. #.#
##..###....
#.####...# #..
#####..#.....##


You could see a hornet (petrifying).

Vanquished Creatures
  Edmund (D:5)
  A sky beast (D:6)
  An ogre (D:5)
  The ghost of htuhola the Skirmisher, an amateur OpTm (D:4)
  A centaur (D:7)
  3 bullfrogs (D:6)
  A water moccasin zombie (D:6)
  5 crimson imps
  2 orc priests
  2 hounds (D:6)
  A gnoll shaman (D:7)
  10 orc wizards
  Ijyb (D:5)
  2 worker ants (D:4)
  A hound zombie (D:5)
  A worker ant zombie (D:6)
  Robin (D:4)
  4 gnolls (D:7)
  9 adders
  An adder skeleton (D:5)
  2 worms
  8 leopard geckos
  17 orcs
  8 giant cockroaches
  7 hobgoblins
  12 jackals
  7 kobolds
  3 quokkas
  2 ball pythons
  7 bats
  8 frilled lizards
  18 goblins
  A jackal skeleton (D:6)
  9 rats
158 creatures vanquished.

Notes
Turn   | Place    | Note
-------+----------+-------------------------------------------
     0 | D:1      | Banto the Octopode Earth Elementalist began the quest for the Orb.
     0 | D:1      | Reached XP level 1. HP: 11/11 MP: 3/3
   134 | D:1      | Reached XP level 2. HP: 7/17 MP: 3/5
   614 | D:1      | Reached skill level 3 in Stealth
   707 | D:1      | Reached XP level 3. HP: 21/21 MP: 6/6
   919 | D:1      | Learned a level 2 spell: Passwall
   923 | D:1      | Learned a level 3 spell: Stone Arrow
  1378 | D:2      | Reached XP level 4. HP: 27/27 MP: 5/7
  1661 | D:2      | Reached skill level 4 in Stealth
  1860 | D:3      | Reached XP level 5. HP: 31/31 MP: 8/8
  1938 | D:3      | Reached skill level 5 in Stealth
  2008 | D:3      | Found a faded altar of an unknown god.
  2422 | D:4      | Reached skill level 5 in Earth Magic
  2838 | D:4      | Noticed htuhola's ghost (amateur OpTm)
  2840 | D:4      | Reached XP level 6. HP: 36/36 MP: 9/9
  2852 | D:4      | Killed htuhola's ghost
  2852 | D:4      | Reached skill level 6 in Stealth
  3431 | D:4      | Noticed Robin
  3458 | D:4      | Killed Robin
  3706 | D:5      | Entered Level 5 of the Dungeon
  3765 | D:5      | Got a faintly glowing mace
  3829 | D:5      | Reached skill level 7 in Stealth
  3837 | D:4      | Reached XP level 7. HP: 27/41 MP: 7/10
  4256 | D:5      | Noticed Ijyb
  4270 | D:5      | Killed Ijyb
  4308 | D:5      | Reached skill level 8 in Stealth
  4505 | D:5      | Noticed Edmund
  4740 | D:5      | Killed Edmund
  4906 | D:6      | Reached skill level 9 in Stealth
  4906 | D:6      | Reached XP level 8. HP: 28/46 MP: 9/11
  5176 | D:6      | Reached skill level 1 in Short Blades
  5964 | D:5      | Learned a level 4 spell: Petrify
  6293 | D:6      | Reached skill level 10 in Stealth
  6410 | D:6      | Identified the +5 mace "Lileinuss" {venom, rN+} (You found it on level 5 of the Dungeon)
  6545 | D:7      | Found a staircase to the Ecumenical Temple.
  6568 | D:7      | Noticed a hornet
  6809 | Temple   | Entered the Ecumenical Temple
  6884 | Temple   | Became a worshipper of Vehumet
  7034 | D:7      | Paralysed by a hornet for 2 turns
  7038 | D:7      | Slain by a hornet

Vault maps used:
D:1:      lightli_arrival_statuegarden, glass_columns_c,
          minmay_misc_feat_ornament, minmay_tetromino_l2
D:2:      cheibrodos_pilgrimage
D:3:      chequers_ecumenical_altar_simple_redux
D:4:      uniq_robin
D:5:      first_ration, uniq_edmund, uniq_ijyb
D:7:      minmay_temple_entry_mist
Temple:   grunt_wide_crystal_templ

Skill      XL: |  1  2  3  4  5  6  7  8 |
---------------+-------------------------+-----
Stealth        | 3 4 5 7 9 10 | 10.0
Earth Magic    | 4 5 7 |  7.0
Short Blades   | 3 |  3.8
Transmutations | 4 |  4.0
Dodging        | |  2.1
Spellcasting   | |  2.2

Action                   |  1- 3 |  4- 6 |  7- 9 || total
-------------------------+-------+-------+-------++-------
Melee: Dagger            |    89 |   104 |   133 ||   326
       Constrict         |    24 |    27 |    28 ||    79
       Unarmed           |     4 |       |       ||     4
       Tentacles         |    20 |    22 |    31 ||    73
 Cast: Sandblast         |    12 |    32 |    30 ||    74
       Passwall          |       |       |     8 ||     8
       Stone Arrow       |       |       |     4 ||     4
       Petrify           |       |       |     2 ||     2
  Use: Scroll            |       |     9 |     3 ||    12
       Potion            |       |       |     2 ||     2
 Stab: Sleeping          |     6 |    11 |    10 ||    27
       Distracted        |       |       |     1 ||     1
  Eat: Chunk             |     1 |     8 |     8 ||    17
       Ration            |       |       |     1 ||     1
Armor: Skin              |     8 |    23 |     7 ||    38
Dodge: Dodged            |    69 |    77 |   102 ||   248

Table legend:
 A = Spawn XP
 B = Non-spawn XP
 C = Spawn XP percentage of total XP
 D = Spawn monster count
 E = Non-spawn monster count
 F = Spawn count percentage of total count
 G = Total turns spent on level
                    A         B        C        D         E        F      G
               +---------+---------+-------+---------+---------+-------+---------
         Total |       0 |    2347 |   0.0 |       0 |     158 |   0.0 |  7038
               +---------+---------+-------+---------+---------+-------+---------
           D:1 |       0 |      41 |   0.0 |       0 |      28 |   0.0 |  1069
           D:2 |       0 |     118 |   0.0 |       0 |      22 |   0.0 |   751
           D:3 |       0 |      56 |   0.0 |       0 |      17 |   0.0 |   504
           D:4 |       0 |     343 |   0.0 |       0 |      32 |   0.0 |  1566
           D:5 |       0 |     662 |   0.0 |       0 |      27 |   0.0 |  1190
           D:6 |       0 |     855 |   0.0 |       0 |      19 |   0.0 |  1439
           D:7 |       0 |     272 |   0.0 |       0 |      13 |   0.0 |   430
               +---------+---------+-------+---------+---------+-------+---------

Table legend:
 A = Turns spent in this place as a percentage of turns spent in the entire game.
 B = Non-inter-level travel turns spent in this place as a percentage of non-inter-level travel turns spent in the entire game.
 C = Inter-level travel turns spent in this place as a percentage of turns spent in this place.
 D = Turns resting spent in this place as a percentage of non-inter-level travel turns spent in this place.
 E = Turns spent auto-exploring this place as a percentage of non-inter-level travel turns spent in this place.
 F = Non-inter-level travel turns spent in this place divided by the number of levels of this place that you've seen.
                   A       B       C       D       E      F
               +-------+-------+-------+-------+-------+----------------------
         Total | 100.0 | 100.0 |   3.2 |  34.9 |  44.5 | 851.2
       Dungeon |  98.7 |  98.9 |   3.1 |  35.3 |  43.9 | 962.1
        Temple |   1.3 |   1.1 |  15.7 |   0.0 |  94.7 |  75.0
               +-------+-------+-------+-------+-------+----------------------

Table legend:
 A = Kills in this place as a percentage of kills in entire the game.
 B = Kills by you in this place as a percentage of kills by you in the entire game.
 C = Kills by friends in this place as a percentage of kills by friends in the entire game.
 D = Other kills in this place as a percentage of other kills in the entire game.
 E = Experience gained in this place as a percentage of experience gained in the entire game.
 F = Experience gained in this place divided by the number of levels of this place that you have seen.
                   A       B       C       D       E      F
               +-------+-------+-------+-------+-------+----------------------
         Total | 100.0 | 100.0 |   N/A |   N/A | 100.0 | 293.4
       Dungeon | 100.0 | 100.0 |   N/A |   N/A | 100.0 | 335.3
               +-------+-------+-------+-------+-------+----------------------
